[Event "ROM-chT"]
[Site "Predeal"]
[Date "2007.10.19"]
[Round "7"]
[White "Marin, Mihail"]
[Black "Sergeev, Vladimir"]
[Result "1/2-1/2"]
[ECO "D42"]
[WhiteElo "2551"]
[BlackElo "2507"]
[Annotator "Marin,M"]
[PlyCount "60"]
[EventDate "2007.10.13"]
[EventType "team"]
[EventRounds "9"]
[EventCountry "ROU"]
[SourceTitle "CBM 121"]
[Source "ChessBase"]
[SourceDate "2007.11.14"]
[SourceVersion "1"]
[SourceVersionDate "2007.11.14"]
[SourceQuality "1"]
[TimeControl "5400"]
[WhiteClock "0:00:06"]
[BlackClock "0:00:16"]

1. c4 c6 2. e4 d5 3. exd5 cxd5 4. d4 Nf6 5. Nc3 e6 6. Nf3 Bb4 7. Bd3 dxc4 8.
Bxc4 O-O 9. O-O Nc6 {In my opinion, a risky setup.} ({More common (and solid)
are} 9... b6) ({and} 9... Nbd7) 10. Bg5 Be7 11. a3 b6 12. Qd3 Bb7 13. Rad1 Rc8
14. Rfe1 {White has completed his development and his position looks very
threatening.} Re8 {An useful half-waiting move.} ({The standard simplifying
move} 14... Nd5 {is not sufficient for equality.} 15. Bxd5 $1 (15. Bxe7 {
would allow Black consolidate with} Ncxe7 $1) 15... Bxg5 (15... exd5 {is
somewhat safer, but leaves Black in a passive position after, say,} 16. Qf5 $14
{Pinter,J (2540)-Olafsson,H (2515)/Copenhagen 1985/MCD (1/2-1/2, 34)}) 16. Be4
{The white bishop has been activated in a radical way, keeping two important
diagonals under observation and winning an important tempo for the development
of the initiative. At the same time, the g5-bishop is somewhat hanging. Now,
there are three different ways to defend against the threat Bxh7+.} f5 {
This is the only move that avoids a loss of time, but the weakness of the e6-
and e5-squares is a high price to pay.} (16... h6 {weakens the light squares
and fails to restrict the enemy bishop.} 17. d5 exd5 18. Bxd5 (18. Nxd5 {
[%csl Rc8][%cal Ge4f5] looks strong, too.}) 18... Bf4 19. Qf5 Qf6 {A radical
way to reduce White's pressure, which will leave the kingside chronically weak,
however.} 20. Qxf6 gxf6 21. g3 Bb8 22. Nh4 Be5 23. Nf5 $16 {Lerner,K (2523)
-Kaplan,S (2346)/Givataim 2005/CBM 105 ext (1/2-1/2, 56)}) (16... g6 {With the
bishop misplaced on g5, the weaknesses created by this move are not easy to
defend.} 17. d5 $1 (17. Qb5 Bh6 18. d5 exd5 19. Nxd5 Bg7 $13 {Sprenger,J (2426)
-Shishkin,V (2396)/Barlinek 2002/CBM 089 ext (1/2-1/2, 46)}) 17... exd5 18.
Nxd5 Bf6 (18... Re8 19. Nxg5 Qxg5 20. f4 $36) 19. Bf5 $1 $16 gxf5
$140 $2 20. Qxf5 Kg7 21. Nf4 Nd4 22. Nxd4 Bxd4 23. Rxd4 Qxd4 24.
Qg4+ Kh8 25. Ng6+ $1 $18) 17. Nxg5 Qxg5 18. Bf3 Rfd8 19. d5 exd5 20. Bxd5+ Kh8
21. Qf3 $14 {Conquest,S (2530)-Kononenko,T (2375)/Granada ESP 2006/TWIC 632 
(1-0, 45). White is more active and Black's kingside is weak.}) 15. Bb3 $5 $146
{The theoretical reason for preferring this move to 15.Ba2 is that the bishop
has more squares available, although on a2 it looks less vulnerable. Sometimes,
the intermediate Ba4 would change quite a lot in the dynamic balance of the
position.} (15. h4 $5 {Ribli,Z (2570)-Wells,P (2530)/Szeged 1997/CBM 062/
[Hansen,LB] (1-0, 24)}) (15. Ba2 {1/2-1/2 Stefanelli,L-San Marco,B/Cappelle op
1991/EXT 97 (25). This game is mentioned in the comments to Ribli-Wells, too.})
15... g6 $5 {Another prophylactic move.} ({The concrete idea behind my last
move is revealed after} 15... Na5 16. Ba4 $1 Bc6 17. Bc2 g6 18. Ne5 $14 ) (15... Nd5 {is insufficient here, too, although Black has
practically an extra tempo (...Re8).} 16. Bxd5 Bxg5 17. Be4 g6 18. d5 $14) (
15... h6 {is not to be recommended, because it weakens the kingside.} 16. Bh4
$5 $14 ({The standard answer is} 16. Bf4 $14 {[%csl Rh6] ><h6}) {White's
superior development makes the generally desirable} 16... Nh5 $6 {impossible
because of} 17. d5 $1 $16 Bxh4 (17... exd5 18. Bxd5 Bxh4 19. Bxf7+ $1 Kxf7 20.
Qc4+ $16) 18. dxe6 $1 fxe6 19. Qf5 $1 $16) 16. h4 $6 {Too slow.} ({I could not
find anything after} 16. Ba4 a6) ({White could have maintained his advantage
by means of a short queen's move} 16. Qe3 $1 $14 {, switching to kingside
pressure. Black is not well enough coordinated to find an entirely adequate
defence.} Na5 ({Maybe} 16... Nd5 17. Bxd5 exd5 18. Qf4 $14 {is safer, but not
really appealing for Black.}) 17. Bxe6 $1 fxe6 (17... Bd6 18. Bxf6 Qxf6 19.
Bxc8 Rxe3 20. Rxe3 Bxc8 21. Re8+ Kg7 22. Rxc8 $16) (17... Bf8 18. Qf4 $18) 18.
Qxe6+ Kg7 19. Ne5 $40 Rf8 20. Nd7 $1) 16... Na5 17. Ba4 Bc6 18. Bxc6 (18. Bc2
$6 Nc4 $1 $15) 18... Nxc6 19. d5 {After this move, the position will simplify
quickly and White's advantage will be more of symbolic nature.} ({I spent a
long time investigating the consequences of} 19. Ne5 Nd5 (19... Nxe5 20. dxe5
$14 ) 20. Qf3 {My conclusion that White has absolutely nothing
seems to be correct.} f6 $5 (20... Nxe5 21. dxe5 Bxg5 22. Nxd5 exd5 (22... Bxh4
23. Nf6+ Bxf6 24. Rxd8 Bxd8 $14) 23. Rxd5 Qe7 24. hxg5 Qxg5 25. e6 Qe7 26.
Qxf7+ Qxf7 27. exf7+ Kxf7 28. Rd7+ Kg8 29. Red1 $5 $14 {[%csl Rg8][%cal Ya7h7,
Yh7a7] עg8} (29. Rxe8+ Rxe8 30. Rxa7 Re1+ 31. Kh2 Re2 $11)) 21. Nxg6 $5 (21.
Nxd5 Qxd5 22. Qxd5 exd5 23. Nxc6 Rxc6 {><f6}) 21... hxg6 22. Rxe6 Nxc3 23. bxc3
Qd7 24. Qd3 Qxe6 $11 (24... Kg7 25. Rde1 $44)) 19... Nxd5 20. Nxd5 exd5 (20...
Qxd5 21. Qa6 Qf5 22. Qb7 $44 {Sergeev}) 21. Qxd5 Qxd5 (21... Bxg5 22. Rxe8+
Qxe8 23. Qxg5 $14) 22. Rxd5 Bxg5 23. Rxe8+ Rxe8 24. hxg5 Kg7 (24... Kf8 $5) 25.
Kf1 Re7 26. b4 {פc6} Rc7 27. Rd6 h6 $1 $11 (27... Ne7 28. Ne5 Nf5 29. Rc6 Re7
30. Ng4 (30. f4 Ng3+ 31. Kf2 Ne4+ 32. Ke3 Nxg5) 30... Nd4 31. Rc8 Ne6 32. f4
Rc7 $1 $11 (32... Nxf4 $4 33. Nf6 $18) (32... Rd7 33. Nf6 Rd8 34. Rxd8 Nxd8 35.
Ke2 $14) 33. Rxc7 Nxc7 34. Ke2 $2 Nb5 $1) 28. gxh6+ Kxh6 29. g4 Kg7 30. Ke2 Kf8
1/2-1/2

[Event "Belgrade op FIDE"]
[Site "Belgrade"]
[Date "1984.10.??"]
[Round "4"]
[White "Seret, Jean Luc"]
[Black "Andrijevic, Milan"]
[Result "1-0"]
[ECO "D42"]
[WhiteElo "2390"]
[BlackElo "2370"]
[Annotator "Seret,JL"]
[PlyCount "59"]
[EventDate "1984.10.??"]
[EventType "swiss"]
[EventRounds "9"]
[EventCountry "YUG"]
[SourceTitle "EXT 2020"]
[Source "ChessBase"]
[SourceDate "2019.10.17"]
[SourceVersion "1"]
[SourceVersionDate "2019.10.17"]
[SourceQuality "1"]
[TimeControl "50/9000:16/5400:0"]

1. Nf3 d5 2. c4 e6 3. d4 Nf6 4. Nc3 c5 5. cxd5 Nxd5 {Ouverture : Gambit Dame,
variante semi-Tarrasch} 6. e3 Nc6 7. Bd3 cxd4 8. exd4 Be7 9. O-O O-O 10. a3 a6
11. Re1 Bf6 (11... Nxc3 12. bxc3 b5 13. Qc2 g6 14. Bh6 Re8 15. h4 Ra7 16. h5
Bf8 17. Qd2 Bxh6 18. Qxh6 Qf6 19. a4 bxa4 20. Rxa4 Ne7 21. Ng5 Qg7 22. Qxg7+
Kxg7 23. h6+ Kg8 24. Ne4 Rd8 25. Nf6+ Kh8 26. Ng4 {1/2-1/2 (26) Rubinetti,J 
(2445)-Paglilla,C (2300) Quilmes 1980}) 12. Be4 {Le Fou cède la case d3 а la
Dame et se prépare éventuellement а s'échanger contre le Cd5} Qd6 $146 (12...
Ra7 13. Qd3 h6 14. Bd2 b5 15. Ne5 Bxe5 16. dxe5 Nde7 17. Qxd8 Rxd8 18. Be3 Nd4
19. Rad1 Rad7 20. Bxd4 Rxd4 21. f4 g5 22. fxg5 hxg5 23. Kf2 Kg7 {1/2-1/2 (23)
Metz,W-Westphal,R Germany 1975}) 13. Qd3 g6 14. Bxd5 {Les N ont établi un
barrage sur les cases blanches, donc le Fou blanc de ces cases s'échange
contre un Cavalier pour tenter une invasion des cases noires.} exd5 15. Bh6 Rd8
16. Qe3 Be6 17. Bg5 Bxg5 18. Qxg5 Kg7 19. Re2 h6 20. Qh4 Ne7 21. Rae1 $36 {
[%csl Ge1,Ge2] Les Tours blanches sont clairement plus actives que les noires
et les Blancs sont dirigés vers l'aile Roi.} Nf5 22. Qg4 b5 ({Préférable eut
été} 22... Ne3 $142 23. Qg3 Qxg3 24. hxg3 Nc4 25. Na4 b6 {avec seulement un
petit avantage blanc}) 23. Rxe6 $1 {[%csl Rg6] Sacrifice de qualité pour
affaiblir le Pion g6 et déclencher l'attaque} fxe6 24. Ne5 Ne7 ({Choix
difficile. Plus résistant eut été} 24... g5 25. Qh5 Ra7 26. Qg6+ Kf8 27. Qf6+
Kg8 28. Nc6 (28. Ng6 Ng7 29. Rxe6 Qxe6 30. Qxd8+ Ne8 31. Ne5 {avec une
relative égalité} Rc7 $13) 28... Qxc6 29. Qxd8+ $16) 25. Ne2 Rg8 {Les N se
décident а défendre g6 mais après la chute du Pion e6, leur partie va
s'écrouler tactiquement} (25... Rf8 $14) 26. Nf4 Kh7 27. Nf7 $1 {un gain de
temps important qui vise h6 avec le Cavalier et e6 avec la Tour} Qd7 28. Nxe6 {
Menace le gain de Dame par Ce6g5+} Nf5 {Les Noirs ont poussé un Ouf de
soulagement mais c'est le moment où la position explose} 29. Nxh6 $1 Rge8 (
29... Nxh6 30. Ng5+ {gagne la Dame}) (29... Kxh6 30. Qh3+ {fait mat}) 30. Nxf5
({Les Noirs abandonnent car} 30. Nxf5 Rxe6 31. Rxe6 Qxe6 32. Qh3+ Kg8 33. Nh6+
{perd la Dame}) 1-0